 Dungeon Crawl Stone Soup version 0.31.0-11-ge490571c62 (webtiles) character file.

Game seed: 12128818950278865406

234784 Ashen the Covert (level 19, -19/149 HPs)
             Began as a Gnoll Enchanter on Feb 4, 2024.
             Was an Elder of Uskayaw.
             Demolished by a +2 battleaxe of venom (51 damage)
             ... on level 2 of the Orcish Mines on Feb 5, 2024.
             The game lasted 03:05:45 (44504 turns).

Ashen the Covert (Gnoll Enchanter)                 Turns: 44504, Time: 03:05:45

Health: -19/149    AC: 13    Str:  9    XL:     19   Next: 15%
Magic:  37/37      EV: 22    Int: 16    God:    Uskayaw [****..]
Gold:   774        SH:  8    Dex: 20    Spells: 28/46 levels left

rFire   + + .        M - +9 quick blade (chaos)
rCold   + + .        H - +0 buckler
rNeg    + . .        Z - +2 robe {Will+}
rPois   +            I - +2 helmet {SInv}
rElec   +            W - scarf {rC+ rF+}
rCorr   +            r - +0 pair of gloves
SInv    +            N - +1 pair of boots of Ohoeshrel {rF+ rC+ Regen+}
Will    ++...        q - amulet of the acrobat
Stlth   ++++++       p - ring of poison resistance
HPRegen 1.24/turn    y - ring of the Trout {rElec rN+ rCorr Dex+2}
MPRegen 0.25/turn

%: acrobat
@: lethally poisoned (-19 -> -19)
A: fangs 1, strong nose, distributed training
}: 2/15 runes: serpentine, barnacled
a: Renounce Religion, Stomp, Line Pass


You were on level 2 of the Orcish Mines.
You worshipped Uskayaw.
Uskayaw was pleased with you.
You visited 7 branches of the dungeon, and saw 32 of its levels.
You also visited: Sewer, Gauntlet and Ice Cave.

You collected 5481 gold pieces.
You spent 4707 gold pieces at shops.

Inventory:

Hand Weapons
 F - a +3 demon trident of electrocution
 M - a +9 quick blade of chaos (weapon)
 X - the +5 demon whip "Spellbinder" {antimagic, disrupt, Will+}
   (You found it in an ice cave)

   Will+:     It increases your willpower.
Missiles
 s - 7 throwing nets
 U - 17 poisoned darts (quivered)
Armour
 r - a +0 pair of gloves (worn)
 H - a +0 buckler (worn)
 I - a +2 helmet of see invisible (worn)
 J - +0 steam dragon scales
 N - the +1 pair of boots of Ohoeshrel (worn) {rF+ rC+ Regen+}
   (You bought it in a shop on level 9 of the Dungeon)

   rF+:       It protects you from fire.
   rC+:       It protects you from cold.
   Regen+:    It increases your rate of health regeneration.
 W - a scarf of resistance (worn)
 Z - a +2 robe of willpower (worn)
Jewellery
 p - a ring of poison resistance (left hand)
 q - an amulet of the acrobat (around neck)
 y - the ring of the Trout (right hand) {rElec rN+ rCorr Dex+2}
   (You found it on level 4 of the Shoals)

   [ring of resist corrosion]

   Dex+2:     It affects your dexterity (+2).
   rElec:     It insulates you from electricity.
   rN+:       It protects you from negative energy.
   rCorr:     It protects you from acid and corrosion.
 O - a ring of flight
Wands
 B - a wand of flame (35)
 E - a wand of paralysis (4)
 G - a wand of digging (3)
 L - a wand of iceblast (15)
 P - a wand of light (24)
 Q - a wand of mindburst (14)
 V - a wand of polymorph (11)
Scrolls
 b - 4 scrolls of poison
 d - 8 scrolls of immolation
 f - 7 scrolls of butterflies
 j - 4 scrolls of enchant armour
 k - 4 scrolls of fear
 l - 8 scrolls of teleportation
 o - 5 scrolls of noise
 t - 3 scrolls of torment
 u - 3 scrolls of silence
 v - 8 scrolls of vulnerability
 A - 2 scrolls of identify
 D - 4 scrolls of revelation
 K - 10 scrolls of fog
 S - 5 scrolls of amnesia
 T - 4 scrolls of blinking
Potions
 a - 4 potions of resistance
 c - 4 potions of invisibility
 e - 28 potions of curing
 g - 8 potions of magic
 h - 2 potions of attraction
 i - 2 potions of heal wounds
 m - 6 potions of brilliance
 n - 8 potions of enlightenment
 w - 4 potions of berserk rage
 x - 5 potions of mutation
 z - 4 potions of lignification
 C - 5 potions of haste
 Y - 3 potions of might


   Skills:
 + Level 13.3 Fighting
 + Level 13.5 Short Blades
 + Level 13.3 Long Blades
 + Level 13.3 Axes
 + Level 13.3 Maces & Flails
 + Level 13.3 Polearms
 + Level 13.3 Staves
 + Level 13.3 Ranged Weapons
 + Level 13.3 Throwing
 + Level 13.3 Armour
 + Level 14.0 Dodging
 + Level 14.5 Stealth
 + Level 13.3 Shields
 + Level 13.3 Unarmed Combat
 + Level 14.1 Spellcasting
 + Level 11.3 Conjurations
 + Level 12.5 Hexes
 + Level 11.3 Summonings
 + Level 11.3 Necromancy
 + Level 11.3 Translocations
 + Level 11.3 Fire Magic
 + Level 11.3 Ice Magic
 + Level 11.3 Air Magic
 + Level 11.3 Earth Magic
 + Level 11.3 Alchemy
 + Level 14.4 Invocations
 + Level 13.3 Evocations
 + Level 12.2 Shapeshifting


You had 28 spell levels left.
You knew the following spells:

 Your Spells              Type           Power      Damage    Failure   Level
a - Ensorcelled Hibernat  Hex/Ice        98%        N/A       1%          2
b - Confusing Touch       Hex            51%        N/A       1%          3
c - Tukima's Dance        Hex            51%        N/A       1%          3
d - Dazzling Flash        Conj/Hex       98%        N/A       1%          3
e - Blink                 Tloc           94%        N/A       1%          2
f - Metabolic Englaciati  Hex/Ice        24%        N/A       1%          5

Your spell library contained the following spells:

 Spells                   Type           Power      Damage    Failure   Level
 Apportation              Tloc           94%        N/A       1%          1
 Sandblast                Erth           94%        2d19      1%          1
 Call Imp                 Summ           94%        N/A       1%          2
 Lesser Beckoning         Tloc           94%        N/A       1%          2
 Momentum Strike          Conj/Tloc      94%        3d10      1%          2
 Call Canine Familiar     Summ           47%        N/A       1%          3
 Gell's Gravitas          Tloc           47%        N/A       1%          3
 Ozocubu's Armour         Ice            47%        N/A       1%          3
 Passwall                 Erth           47%        N/A       1%          3
 Stone Arrow              Conj/Erth      94%        3d12      1%          3
 Teleport Other           Tloc           47%        N/A       1%          3
 Brom's Barrelling Bould  Conj/Erth      47%        2d6       1%          4
 Fulminant Prism          Conj/Alch      23%        3d12      1%          4
 Ignite Poison            Fire/Alch      47%        N/A       1%          4
 Sticky Flame             Fire/Alch      47%        2d9       1%          4
 Summon Blazeheart Golem  Fire/Summ      47%        N/A       1%          4
 Alistair's Intoxication  Alch           31%        N/A       1%          5
 Borgnjor's Vile Clutch   Necr/Erth      23%        N/A       1%          5
 Fireball                 Conj/Fire      23%        3d11      1%          5
 Iskenderun's Battlesphe  Conj           47%        2d10      1%          5
 Summon Forest            Summ/Tloc      23%        N/A       1%          5
 Bombard                  Conj/Erth      23%        9d4       11%         6
 Conjure Ball Lightning   Conj/Air       23%        3x3d6     11%         6
 Dispersal                Tloc           23%        N/A       11%         6
 Eringya's Noxious Bog    Alch           23%        4d6       11%         6
 Sculpt Simulacrum        Ice/Alch       23%        N/A       11%         6
 Haunt                    Necr/Summ      23%        N/A       52%         7
 Orb of Destruction       Conj           23%        9d8       52%         7
 Spellforged Servitor     Conj/Summ      23%        N/A       52%         7
 Summon Hydra             Summ           23%        N/A       52%         7
 Borgnjor's Revivificati  Necr           23%        N/A       99%         8
 Ignition                 Fire           23%        3d8       99%         8
 Death's Door             Necr           23%        N/A       100%        9


Dungeon Overview and Level Annotations

Branches:
Dungeon (15/15)            Temple (1/1) D:6            Lair (5/5) D:10
 Shoals (4/4) Lair:2        Snake (4/4) Lair:2        Slime (0/5) Lair:5
    Orc (2/2) D:11            Elf (1/3) Orc:2        Depths (0/4) D:15
  Sewer (visited)           IceCv (visited)         Gauntlet (visited)
 Vaults: D:13-14

Altars:
Ashenzari
Cheibriados
Dithmenos
Elyvilon
Fedhas
Gozag
Hepliaklqana
Kikubaaqudgha
Makhleb
Nemelex Xobeh
Okawaru
Qazlal
Ru
Sif Muna
Trog
Uskayaw
Vehumet
Wu Jian
Xom
Yredelemnul
Zin
The Shining One
Jiyva
Lugonu

Shops:
D:3 (   D:7 *   D:9 [   D:13 ?   D:15 (   Orc:2 [[*!   Shoals:2 !   Shoals:3 !
Snake:1 =:=   Snake:3 **

Portals:
Abyss: Lair:5

Annotations:
D:4 2 transporters, Flugkiller's ghost, amateur VSIE
D:9 exclusion: deep elf pyromancer
D:13 2 transporters, Rwicked's ghost, journeyman VSBr
Lair:4 2 transporters, Fiha's ghost, journeyman VSSh
Lair:5 exclusion: oklob plant
Snake:3 3 runed translucent doors, exclusion: obsidian statue, Vorhees's ghost, adept TrGl


Innate Abilities, Weirdness & Mutations

You have very sharp teeth.
Your uncanny sense of smell can sniff out nearby items.
Your experience applies equally to all skills.


Message History

* * * LOW HITPOINT WARNING * * *
Unknown command.
You feel much better. The +2 battleaxe of venom hits you!
You feel much better. The +2 battleaxe of venom hits you!!
You feel much better.
You block the +2 battleaxe of venom's attack.
The +2 battleaxe of venom hits you!!
* * * LOW HITPOINT WARNING * * *
You are poisoned.
You feel much better.
You feel very sick.
The +2 battleaxe of venom barely misses you.
You can no longer merge with and destroy a victim.
You feel much better.
You feel very sick.
The +2 battleaxe of venom closely misses you.
You barely miss the +2 battleaxe of venom.
Your bite misses the +2 battleaxe of venom.
You hit the +2 battleaxe of venom.
The +2 battleaxe of venom is lightly damaged.
You feel sick.
You block the +2 battleaxe of venom's attack.
You hit the +2 battleaxe of venom but do no damage.
The acid corrodes the +2 battleaxe of venom!
You barely miss the +2 battleaxe of venom.
Your bite misses the +2 battleaxe of venom.
The +2 battleaxe of venom is lightly damaged.
You feel sick.
You hit the +2 battleaxe of venom.
The +2 battleaxe of venom seems to grow stronger.
You hit the +2 battleaxe of venom.
The +2 battleaxe of venom is moderately damaged.
You feel sick. The +2 battleaxe of venom hits you!!!
* * * LOW HITPOINT WARNING * * *
You hit the +2 battleaxe of venom.
The +2 battleaxe of venom seems to slow down.
You puncture the +2 battleaxe of venom!
Nothing appears to happen.
The +2 battleaxe of venom is severely damaged.
You feel sick. The +2 battleaxe of venom hits you!!!
You die...

### ###..........##### ###
#..............##.
##.###.......#.........
#...........#####......
#.........#######......
##..#.....#.##.##..)...
#####.....##.....^....
##.....#.......#[) ###
#@...........####. #.#####
##(.........## #.. # ####....###
###........## ##. ## #.........#
##.......<.## ##
.#####.......#####...........# #
###..#.......###.#..........## #
.#...........................####
...............#..<....##...[##..
......................####.......


You could see a +2 battleaxe of venom (strong, slow, corroded).

Vanquished Creatures
  Mlioglotl (Shoals:4)
  Kirke (D:14)
  5 nagarajas
  A deep elf sorcerer (Elf:1)
  A minotaur (Gauntlet)
  8 merfolk javelineers
  4 merfolk impalers (Shoals:4)
  Josephine (D:10)
  A fire dragon (D:15)
  An entropy weaver (shapeshifter) (D:14)
  An ice dragon (D:15)
  2 hydras
  A vault guard (D:13)
  4 salamander tyrants
  A hell beast (Gauntlet)
  2 alligator snapping turtles
  11 anacondas
  2 catoblepae
  5 satyrs
  2 centaur warriors
  2 dancing weapons (Elf:1)
  2 merfolk avatars
  3 merfolk aquamancers
  4 ogre magi (Orc:2)
  11 two-headed ogres (Orc:2)
  5 death yaks
  4 tengu warriors
  5 naga sharpshooters
  4 thrashing horrors (Lair:5)
  14 naga warriors
  5 boulder beetles
  Sonja (D:13)
  6 shock serpents
  Nergalle (D:10)
  A deep elf knight (Elf:1)
  2 salamander mystics
  13 skeletal warriors
  2 skysharks
  8 sea snakes
  A large abomination (Lair:5)
  A glowing orange brain (shapeshifter) (D:14)
  An arcanist (D:13)
  11 mana vipers
  8 naga ritualists
  4 deep elf pyromancers
  3 deep elf zephyrmancers (Elf:1)
  15 harpies
  3 orc sorcerers
  10 ugly things
  23 fauns
  20 salamanders
  8 cyclopes
  17 manticores
  An elephant (D:10)
  5 kobold blastminers
  3 smoke demons (Lair:5)
  4 guardian serpents
  6 merfolk sirens
  17 naga magi
  A black mamba (shapeshifter) (Lair:5)
  34 black mambas
  2 ice statues (IceCv)
  4 water nymphs
  14 cane toads
  2 gargoyles
  5 rime drakes
  A kobold demonologist (D:13)
  An unseen horror zombie (D:10)
  A tengu conjurer (Gauntlet)
  13 komodo dragons
  7 wind drakes
  33 merfolk
  6 trolls
  3 raiju (Lair:5)
  5 snapping turtles
  6 dream sheep
  21 blink frogs
  8 slime creatures
  A spriggan (shapeshifter) (Lair:5)
  2 shadows (D:10)
  15 water elementals
  A hog (shapeshifter) (D:14)
  3 vampires
  4 humans (D:14)
  8 wraiths
  80 yaks
  3 hogs
  A dire elephant simulacrum (IceCv)
  8 basilisks
  2 wyverns
  3 steam dragons
  A warg (Orc:1)
  8 vampire mosquitoes
  A chaos spawn (Lair:5)
  55 nagas
  15 water moccasins
  10 orc warriors
  A black bear (D:10)
  2 sky beasts
  An ice beast (D:7)
  2 laughing skulls (D:15)
  10 wolves (Lair:1)
  28 ogres
  8 centaurs
  12 small abominations (Lair:5)
  2 kobold brigands
  17 bullfrogs
  3 scorpions
  An earth elemental (Elf:1)
  A cane toad simulacrum (IceCv)
  4 wights (D:8)
  13 killer bees
  An elephant simulacrum (IceCv)
  2 electric eels (Lair:5)
  5 howler monkeys
  9 centaur zombies (D:10)
  3 hounds
  2 jellies
  12 orc priests
  2 iguanas
  A sleepcap (D:6)
  2 gnoll boudas
  Natasha (thrice) (D:2)
  20 orc wizards
  A wolf simulacrum (IceCv)
  A howler monkey zombie (D:10)
  18 gnolls
  5 adders
  3 river rats (Sewer)
  A shadow imp (D:7)
  2 white imps (D:7)
  2 ufetubi (D:7)
  5 ribbon worms
  42 orcs
  5 bats
  4 endoplasms (D:2)
  8 giant cockroaches
  7 goblins
  4 hobgoblins
  3 jackals
  A quokka (D:4)
  4 ball pythons
  16 kobolds
  4 rats
  A butterfly (D:10)
1001 creatures vanquished.

Vanquished Creatures (collateral kills)
  A two-headed ogre (Orc:2)
  A human (D:13)
  A naga (Snake:1)
  A wight (D:8)
4 creatures vanquished.

Vanquished Creatures (others)
  A necromancer (D:14)
  13 dancing weapons
  A killer bee (D:9)
15 creatures vanquished.

Grand Total: 1020 creatures vanquished

Notes
Turn   | Place    | Note
-------+----------+-------------------------------------------
     0 | D:1      | Ashen the Gnoll Enchanter began the quest for the Orb.
     0 | D:1      | Reached XP level 1. HP: 13/13 MP: 6/6
   249 | D:1      | Reached XP level 2. HP: 19/19 MP: 7/7
   354 | D:1      | Learned a level 2 spell: Ensorcelled Hibernation
   726 | D:2      | Noticed Natasha
   729 | D:2      | Killed Natasha
   730 | D:2      | Reached skill level 5 in Spellcasting
   730 | D:2      | Reached skill level 1 in Invocations
   730 | D:2      | Reached XP level 3. HP: 25/25 MP: 7/9
   734 | D:2      | Learned a level 3 spell: Confusing Touch
   738 | D:2      | Learned a level 3 spell: Tukima's Dance
   742 | D:2      | Learned a level 3 spell: Dazzling Flash
   864 | D:2      | Reached skill level 1 in Fighting
   864 | D:2      | Reached skill level 1 in Long Blades
   864 | D:2      | Reached skill level 1 in Axes
   864 | D:2      | Reached skill level 1 in Maces & Flails
   864 | D:2      | Reached skill level 1 in Polearms
   864 | D:2      | Reached skill level 1 in Staves
   864 | D:2      | Reached skill level 1 in Ranged Weapons
   864 | D:2      | Reached skill level 1 in Throwing
   864 | D:2      | Reached skill level 1 in Armour
   864 | D:2      | Reached skill level 1 in Shields
   864 | D:2      | Reached skill level 1 in Unarmed Combat
   864 | D:2      | Reached skill level 1 in Evocations
  1096 | D:2      | Reached skill level 1 in Shapeshifting
  1096 | D:2      | Reached XP level 4. HP: 32/32 MP: 11/11
  1152 | D:2      | Noticed Natasha
  1158 | D:2      | Killed Natasha
  1159 | D:2      | Reached skill level 1 in Conjurations
  1159 | D:2      | Reached skill level 1 in Summonings
  1159 | D:2      | Reached skill level 1 in Necromancy
  1159 | D:2      | Reached skill level 1 in Translocations
  1159 | D:2      | Reached skill level 1 in Fire Magic
  1159 | D:2      | Reached skill level 1 in Ice Magic
  1159 | D:2      | Reached skill level 1 in Air Magic
  1159 | D:2      | Reached skill level 1 in Earth Magic
  1159 | D:2      | Reached skill level 1 in Alchemy
  1577 | D:2      | Noticed Natasha
  1582 | D:2      | Killed Natasha
  1583 | D:2      | Reached XP level 5. HP: 37/37 MP: 9/12
  1724 | D:3      | Found a faded altar of an unknown god.
  1923 | D:3      | Found Lyfilops's Weapon Shoppe.
  3043 | D:4      | Reached XP level 6. HP: 42/44 MP: 3/13
  3227 | D:4      | Found a transporter.
  3232 | D:4      | Noticed Flugkiller's ghost (amateur VSIE)
  3382 | D:4      | Found a transporter.
  3488 | D:4      | Reached skill level 5 in Dodging
  3683 | D:5      | Entered Level 5 of the Dungeon
  3845 | D:5      | Found an iron altar of Okawaru.
  3931 | D:5      | Found a glowing drain.
  3988 | Sewer    | Entered a sewer
  4238 | Sewer    | Found a white marble altar of Elyvilon.
  4394 | D:5      | Reached XP level 7. HP: 51/51 MP: 15/15
  5019 | D:6      | Found a staircase to the Ecumenical Temple.
  5031 | D:6      | Reached XP level 8. HP: 49/58 MP: 9/16
  5046 | Temple   | Entered the Ecumenical Temple
  5055 | Temple   | Became a worshipper of Uskayaw the Reveller
  5295 | D:6      | Reached * piety under Uskayaw
  5296 | D:6      | Found a burning altar of Makhleb.
  5326 | D:6      | Reached ** piety under Uskayaw
  5745 | D:6      | Reached *** piety under Uskayaw
  5747 | D:6      | Reached **** piety under Uskayaw
  6062 | D:6      | Found a staircase to the Ecumenical Temple.
  6105 | D:6      | Found a burning altar of Makhleb.
  6266 | D:7      | Found Jefaips's General Store.
  6272 | D:7      | Bought 2 scrolls of teleportation for 84 gold pieces
  6289 | D:7      | Noticed a yak
  6289 | D:7      | Noticed a yak
  6289 | D:7      | Noticed a yak
  6390 | D:7      | Noticed a yak
  6405 | D:7      | Killed a yak
  6409 | D:7      | Killed a yak
  6413 | D:7      | Killed a yak
  6414 | D:7      | Reached XP level 9. HP: 65/65 MP: 8/18
  6691 | D:7      | Reached skill level 5 in Short Blades
  7512 | D:8      | Found a glowing silver altar of Zin.
  7554 | D:8      | Reached skill level 5 in Invocations
  7677 | D:8      | Found a shimmering blue altar of Sif Muna.
  8008 | D:8      | Found a sparkling altar of Nemelex Xobeh.
  8056 | D:8      | Reached skill level 5 in Fighting
  8056 | D:8      | Reached skill level 5 in Long Blades
  8056 | D:8      | Reached skill level 5 in Axes
  8056 | D:8      | Reached skill level 5 in Maces & Flails
  8056 | D:8      | Reached skill level 5 in Polearms
  8056 | D:8      | Reached skill level 5 in Staves
  8056 | D:8      | Reached skill level 5 in Ranged Weapons
  8056 | D:8      | Reached skill level 5 in Throwing
  8056 | D:8      | Reached skill level 5 in Armour
  8056 | D:8      | Reached skill level 5 in Shields
  8056 | D:8      | Reached skill level 5 in Unarmed Combat
  8056 | D:8      | Reached skill level 5 in Evocations
  8063 | D:8      | Reached XP level 10. HP: 65/74 MP: 10/20
  9030 | D:9      | You fall into a shaft and drop 3 floors!
  9034 | D:12     | Found a shimmering altar of Xom.
  9036 | D:12     | Noticed a skeletal warrior
  9037 | D:12     | Noticed a skeletal warrior
  9053 | D:12     | Reached skill level 5 in Shapeshifting
  9068 | D:12     | Killed a skeletal warrior
  9145 | D:12     | Noticed a cyclops
  9154 | D:11     | Noticed a manticore
  9163 | D:11     | Killed a manticore
  9253 | D:11     | Noticed a skeletal warrior
  9253 | D:11     | Noticed a skeletal warrior
  9275 | D:10     | Entered Level 10 of the Dungeon
  9281 | D:10     | Found a shimmering altar of Xom.
  9641 | D:9      | Found Nefarama's Armour Emporium.
  9677 | D:9      | Bought a +1 helmet of see invisible for 214 gold pieces
  9969 | D:9      | Reached skill level 5 in Conjurations
  9969 | D:9      | Reached skill level 5 in Summonings
  9969 | D:9      | Reached skill level 5 in Necromancy
  9969 | D:9      | Reached skill level 5 in Translocations
  9969 | D:9      | Reached skill level 5 in Fire Magic
  9969 | D:9      | Reached skill level 5 in Ice Magic
  9969 | D:9      | Reached skill level 5 in Air Magic
  9969 | D:9      | Reached skill level 5 in Earth Magic
  9969 | D:9      | Reached skill level 5 in Alchemy
  9980 | D:9      | Reached XP level 11. HP: 68/81 MP: 7/22
 10432 | D:9      | Noticed a deep elf pyromancer
 10542 | D:10     | Found a blossoming altar of Fedhas.
 10542 | D:10     | Found a white marble altar of Elyvilon.
 10574 | D:10     | Noticed Nergalle
 10599 | D:10     | Killed Nergalle
 11141 | D:10     | Found a staircase to the Lair.
 11508 | D:10     | Noticed Josephine
 11662 | D:10     | Killed Josephine
 11975 | D:10     | Reached XP level 12. HP: 91/91 MP: 21/24
 12044 | D:9      | Bought the +1 pair of boots of Ohoeshrel {rF+ rC+ Regen+}
                  | for 396 gold pieces
 12632 | D:11     | Found a staircase to the Orcish Mines.
 12633 | D:11     | Noticed a boulder beetle
 12685 | D:11     | Killed a boulder beetle
 13092 | Lair:1   | Entered Level 1 of the Lair of Beasts
 13221 | Lair:1   | Reached ***** piety under Uskayaw
 13633 | Lair:1   | Reached skill level 10 in Stealth
 14059 | Lair:1   | Reached XP level 13. HP: 98/98 MP: 14/26
 15312 | Lair:2   | Reached skill level 10 in Spellcasting
 15703 | Lair:2   | Found a staircase to the Shoals.
 15767 | Lair:2   | Found a staircase to the Snake Pit.
 16241 | Lair:3   | Reached skill level 10 in Dodging
 17212 | Lair:4   | Found a transporter.
 17216 | Lair:4   | Found a transporter.
 17217 | Lair:4   | Noticed Fiha's ghost (journeyman VSSh)
 17421 | Lair:4   | Identified the +11 trident "Kihuraik" {antimagic, Int+3
                  | Dex+2 SInv Stlth+}
 17498 | Lair:4   | Reached XP level 14. HP: 108/108 MP: 9/28
 17513 | Lair:4   | Reached skill level 10 in Invocations
 18139 | Lair:5   | Entered Level 5 of the Lair of Beasts
 18247 | Lair:5   | Found a frozen archway.
 18281 | IceCv    | Entered an ice cave
 18376 | IceCv    | Found a transporter.
 18393 | IceCv    | Found the +5 demon whip "Spellbinder" {antimagic, disrupt,
                  | Will+}
 18397 | IceCv    | Found a transporter.
 18473 | IceCv    | Reached ****** piety under Uskayaw
 19057 | Lair:5   | Found a viscous altar of Jiyva.
 19057 | Lair:5   | Found a staircase to the Slime Pits.
 19130 | Lair:5   | Reached skill level 10 in Short Blades
 20477 | Lair:5   | Reached skill level 10 in Hexes
 20595 | Lair:5   | Found a corrupted altar of Lugonu.
 20595 | Lair:5   | Found a one-way gate to the infinite horrors of the Abyss.
 20615 | Lair:5   | Reached skill level 10 in Fighting
 20615 | Lair:5   | Reached skill level 10 in Long Blades
 20615 | Lair:5   | Reached skill level 10 in Axes
 20615 | Lair:5   | Reached skill level 10 in Maces & Flails
 20615 | Lair:5   | Reached skill level 10 in Polearms
 20615 | Lair:5   | Reached skill level 10 in Staves
 20615 | Lair:5   | Reached skill level 10 in Ranged Weapons
 20615 | Lair:5   | Reached skill level 10 in Throwing
 20615 | Lair:5   | Reached skill level 10 in Armour
 20615 | Lair:5   | Reached skill level 10 in Shields
 20615 | Lair:5   | Reached skill level 10 in Unarmed Combat
 20615 | Lair:5   | Reached skill level 10 in Evocations
 20630 | Lair:5   | Identified the +0 robe of the Guardian {rC+ MP+9 Slay+2}
 21080 | Orc:1    | Entered Level 1 of the Orcish Mines
 21193 | D:11     | Learned a level 2 spell: Blink
 21199 | D:11     | Learned a level 5 spell: Metabolic Englaciation
 21376 | Orc:2    | Entered Level 2 of the Orcish Mines
 21430 | Orc:2    | Found a staircase to the Elven Halls.
 21504 | Orc:1    | Reached XP level 15. HP: 115/115 MP: 24/30
 21645 | Orc:1    | Found Eloulleliz's Magic Scroll Boutique.
 21670 | Orc:1    | Bought a scroll of acquirement for 520 gold pieces
 21670 | Orc:1    | Bought a scroll of enchant weapon for 75 gold pieces
 21670 | Orc:1    | Bought a scroll of noise for 10 gold pieces
 21670 | Orc:1    | Bought a scroll of fog for 40 gold pieces
 21670 | Orc:1    | Acquired 965 gold pieces
 21671 | Orc:1    | Acquired a +1 demon trident of electrocution
 23268 | Orc:2    | Found Gomussef's Distillery.
 23268 | Orc:2    | Found Vior's Assorted Antiques.
 23317 | Orc:2    | Found Nucsulyo's Antique Armour Boutique.
 23317 | Orc:2    | Found Nykk's Armour Emporium.
 23606 | Orc:2    | Bought a scroll of enchant weapon for 180 gold pieces
 23606 | Orc:2    | Bought a scroll of identify for 48 gold pieces
 23606 | Orc:2    | Bought a scroll of vulnerability for 96 gold pieces
 23606 | Orc:2    | Bought a scroll of identify for 48 gold pieces
 23606 | Orc:2    | Bought a potion of berserk rage for 120 gold pieces
 23606 | Orc:2    | Bought a potion of lignification for 72 gold pieces
 23607 | Orc:2    | Bought a potion of invisibility for 104 gold pieces
 23607 | Orc:2    | Bought a potion of resistance for 130 gold pieces
 23607 | Orc:2    | Bought 2 potions of heal wounds for 130 gold pieces
 23607 | Orc:2    | Bought a potion of resistance for 130 gold pieces
 23607 | Orc:2    | Bought a potion of curing for 39 gold pieces
 23693 | Orc:1    | Bought a scroll of vulnerability for 40 gold pieces
 23693 | Orc:1    | Bought a scroll of immolation for 40 gold pieces
 25868 | D:13     | Noticed Rwicked's ghost (journeyman VSBr)
 25869 | D:13     | Found a transporter.
 25873 | D:13     | Found a transporter.
 25878 | D:13     | Identified the +6 dire flail "Tayl" {spect, ^Drain rN+
                  | Str+4}
 26047 | D:13     | Found Giass's Magic Scroll Shop.
 26053 | D:13     | Bought a scroll of revelation for 120 gold pieces
 26053 | D:13     | Bought a scroll of silence for 152 gold pieces
 26053 | D:13     | Bought a scroll of vulnerability for 64 gold pieces
 26053 | D:13     | Bought a scroll of fog for 64 gold pieces
 26053 | D:13     | Bought a scroll of enchant armour for 120 gold pieces
 26053 | D:13     | Bought a scroll of enchant weapon for 120 gold pieces
 26053 | D:13     | Bought a scroll of enchant weapon for 120 gold pieces
 26230 | D:13     | Noticed Sonja
 26368 | D:13     | Killed Sonja
 26764 | D:14     | Noticed Kirke
 26775 | D:14     | Noticed a sphinx
 26862 | D:14     | Killed Kirke
 27089 | D:14     | Reached skill level 10 in Shapeshifting
 27343 | D:14     | Reached XP level 16. HP: 102/124 MP: 13/32
 27902 | D:15     | Entered Level 15 of the Dungeon
 27969 | D:15     | Found Hebbasch's Weapon Boutique.
 27983 | D:15     | Found a gate leading to a gauntlet.
 27992 | Gauntlet | Entered a Gauntlet
 27992 | Gauntlet | Found a transporter.
 27992 | Gauntlet | Found a transporter.
 27996 | Gauntlet | Found a transporter.
 28016 | Gauntlet | Found a transporter.
 28026 | Gauntlet | Found a transporter.
 28026 | Gauntlet | Found a transporter.
 28029 | Gauntlet | Found a transporter.
 28056 | Gauntlet | Found a transporter.
 28063 | Gauntlet | Found a transporter.
 28072 | Gauntlet | Found a transporter.
 28081 | Gauntlet | Found a transporter.
 28127 | Gauntlet | Found a transporter.
 28141 | Gauntlet | Found a transporter.
 28231 | Gauntlet | Found a transporter.
 28241 | Gauntlet | Found a transporter.
 28259 | Gauntlet | Found a transporter.
 28572 | Gauntlet | Acquired a +0 quick blade of venom
 28614 | Gauntlet | Identified the +2 helmet of Duty {rF+ Dex+3}
 28821 | D:13     | Bought a scroll of enchant weapon for 120 gold pieces
 29524 | D:15     | Found a sacrificial altar of Ru.
 29903 | D:15     | Found a staircase to the Depths.
 30146 | D:15     | Found a sacrificial altar of Ru.
 30200 | D:15     | Found Hebbasch's Weapon Boutique.
 30324 | D:15     | Found a staircase to the Depths.
 30921 | Shoals:1 | Entered Level 1 of the Shoals
 32126 | Shoals:2 | Got the Quarto of Akashic Tinctures
 32290 | Shoals:2 | Found Zuvyw's Distillery.
 33042 | Shoals:2 | Acquired 1061 gold pieces
 33568 | Shoals:3 | Reached XP level 17. HP: 133/133 MP: 33/33
 33613 | Shoals:3 | Found Ikus's Distillery.
 33640 | Shoals:3 | Bought a potion of curing for 51 gold pieces
 33640 | Shoals:3 | Bought a potion of attraction for 51 gold pieces
 33640 | Shoals:3 | Bought a potion of curing for 51 gold pieces
 33640 | Shoals:3 | Bought 2 potions of curing for 102 gold pieces
 33640 | Shoals:3 | Bought a potion of heal wounds for 85 gold pieces
 33640 | Shoals:3 | Bought a potion of curing for 51 gold pieces
 34170 | Shoals:3 | Reached skill level 10 in Conjurations
 34170 | Shoals:3 | Reached skill level 10 in Summonings
 34170 | Shoals:3 | Reached skill level 10 in Necromancy
 34170 | Shoals:3 | Reached skill level 10 in Translocations
 34170 | Shoals:3 | Reached skill level 10 in Fire Magic
 34170 | Shoals:3 | Reached skill level 10 in Ice Magic
 34170 | Shoals:3 | Reached skill level 10 in Air Magic
 34170 | Shoals:3 | Reached skill level 10 in Earth Magic
 34170 | Shoals:3 | Reached skill level 10 in Alchemy
 34952 | Shoals:2 | Bought a potion of curing for 60 gold pieces
 34952 | Shoals:2 | Bought a potion of curing for 60 gold pieces
 34952 | Shoals:2 | Bought a potion of lignification for 60 gold pieces
 34952 | Shoals:2 | Bought 2 potions of berserk rage for 200 gold pieces
 34952 | Shoals:2 | Bought a potion of lignification for 60 gold pieces
 34952 | Shoals:2 | Bought a potion of curing for 60 gold pieces
 34952 | Shoals:2 | Bought a potion of heal wounds for 100 gold pieces
 34952 | Shoals:2 | Bought a potion of curing for 60 gold pieces
 34952 | Shoals:2 | Bought a potion of magic for 160 gold pieces
 34952 | Shoals:2 | Bought a potion of enlightenment for 100 gold pieces
 34976 | Shoals:4 | Entered Level 4 of the Shoals
 34976 | Shoals:4 | Noticed Mlioglotl
 34987 | Shoals:4 | Killed Mlioglotl
 35282 | Shoals:4 | Identified the ring of the Trout {rElec rN+ rCorr Dex+2}
 35626 | Shoals:4 | Got the Volume of the Boggart and Confrontation
 36340 | Shoals:4 | Got a barnacled rune of Zot
 37332 | Snake:1  | Entered Level 1 of the Snake Pit
 37889 | Snake:1  | Found Rowk's Jewellery Shop.
 37889 | Snake:1  | Found Bueschenin's Book Shoppe.
 37891 | Snake:1  | Found Emnupp's Jewellery Shop.
 38628 | Snake:1  | Found Rowk's Jewellery Shop.
 38628 | Snake:1  | Found Bueschenin's Book Shoppe.
 38630 | Snake:1  | Found Emnupp's Jewellery Shop.
 39002 | Snake:1  | Found Rowk's Jewellery Shop.
 39002 | Snake:1  | Found Bueschenin's Book Shoppe.
 39004 | Snake:1  | Found Emnupp's Jewellery Shop.
 39232 | Snake:2  | Reached XP level 18. HP: 130/141 MP: 31/35
 39709 | Snake:2  | You fall into a shaft and drop 1 floor!
 40845 | Snake:3  | Found a runed translucent gate.
 40846 | Snake:3  | Found a runed translucent gate.
 40847 | Snake:3  | Found a runed translucent gate.
 40848 | Snake:3  | Found an opulent altar of Gozag.
 40849 | Snake:3  | Found Dibuolo's Assorted Antiques.
 40849 | Snake:3  | Found Sihokkui's Assorted Antiques.
 40859 | Snake:3  | Noticed Vorhees's ghost (adept TrGl)
 41653 | Snake:4  | Entered Level 4 of the Snake Pit
 43569 | Snake:4  | Reached XP level 19. HP: 149/149 MP: 37/37
 43585 | Snake:4  | Got a serpentine rune of Zot
 44398 | Elf:1    | Entered Level 1 of the Elven Halls
 44504 | Orc:2    | Demolished by a +2 battleaxe of venom

Illustrated notes

Levels and vault maps discovered:
D:1:      dpeg_arrival_rooms_b, layout_loops_ring
D:2:      layout_basic, uniq_natasha
D:3:      layout_basic, serial_shops, shop,
          shapermc_ecumenical_altar_totnotflames, minmay_misc_feat_ornament
D:4:      layout_gridville, gammafunk_ghost_stat_death
D:5:      layout_loops_ring, mainiacjoe_overflow_brackets,
          cheibrodos_sewer_entry_bend
D:6:      layout_rooms, mainiacjoe_overflow_boulevard,
          minmay_temple_entry_junction_2
D:7:      layout_basic, serial_shops, nicolae_shop_just_a_little_nook
D:8:      layout_basic, kennysheep_orc_sif_temple,
          mainiacjoe_overflow_surrounded_room,
          nemelex_xobeh_ov_fountains_minmay, serial_curves, eino_curves_02,
          eino_curves_02
D:9:      layout_cave_pods, serial_shops, nicolae_shop_pleasant_corner_grove,
          serial_library_hellmonk_narrow_alcove
D:10:     layout_cave_pods, xom_butterflies,
          mainiacjoe_overflow_large_starburst, david_lair_generic,
          serial_undead, serial_undead_d, serial_undead_e, serial_undead_a,
          serial_undead_a, uniq_nergalle, uniq_josephine
D:11:     layout_basic, orc_0_dummy, minmay_misc_feat_more_columns,
          minmay_crystal_room
D:12:     layout_cave_pools, xom_teletrap_fun
D:13:     layout_cave_pools, grunt_vaults_entry_fortified, serial_shops, shop,
          gammafunk_ghost_smash, uniq_sonja
D:14:     layout_basic, nicolae_twisty_statue_hallways, minmay_librarian,
          uniq_kirke
D:15:     grunt_enter_depths_hoard, layout_basic, serial_shops, shop_statue,
          gauntlet_entry_generic, nicolae_ru_great_annihilating_truth
Temple:   minmay_temple_curvy_branch
Lair:1:   layout_regular_city, beast_lair_carwin_6
Lair:2:   layout_regular_city, minmay_shoals_entry_beasts,
          minmay_snake_entry_spellcaster, patterned_corridor, grunt_megastairs_1
Lair:3:   layout_roguey
Lair:4:   layout_concentric_octagons, gammafunk_ghost_hive,
          nicolae_lair_grazing_beasts [nicolae_sub_lair_graze_edge,
          nicolae_sub_lair_graze_edge, nicolae_sub_lair_graze_edge,
          nicolae_sub_lair_graze_edge], infiniplex_staircase_pool
Lair:5:   hellmonk_lair_end_abyssal_woods, layout_hall_layers, slime_entry_1,
          portal_ice_cave_entry_pillars_2, serial_bayou_shore_a
Shoals:1: layout_shoals
Shoals:2: layout_shoals, nicolae_take_the_stairs, nicolae_shoals_shepherds
Shoals:3: layout_shoals, serial_shops, shop
Shoals:4: shoals_end_simple, layout_shoals, uniq_mlioglotl
Snake:1:  layout_misc_corridors, serial_bayou_pond_a, minmay_shop_grove
Snake:2:  layout_onion, nicolae_snake_shapes, grunt_megastairs_5
Snake:3:  layout_cave_town, ebering_ghost_gozag
Snake:4:  minmay_snake_end_coiled, layout_chambers
Orc:1:    layout_caves, serial_shops, shop
Orc:2:    st_orc_ogre_mass, layout_diamond_mine
Elf:1:    layout_onion_city, hangedman_corner_corridor, lemuel_upstairs_altar,
          uniq_jorgrun

Skill      XL: |  1  2  3  4  5  6  7  8  9 10 11 12 13 14 15 16 17 18 19 |
---------------+----------------------------------------------------------+-----
Stealth        | 6 7 8 9 10 11 12 13 14 | 14.5
Spellcasting   | 5 6 7 8 9 10 11 12 13 14 | 14.1
Invocations    | 1 2 3 4 5 6 7 8 9 10 11 12 13 14 | 14.4
Fighting       | 1 2 3 5 6 7 8 9 10 11 12 13 | 13.3
Long Blades    | 1 2 3 5 6 7 8 9 10 11 12 13 | 13.3
Axes           | 1 2 3 5 6 7 8 9 10 11 12 13 | 13.3
Maces & Flails | 1 2 3 5 6 7 8 9 10 11 12 13 | 13.3
Polearms       | 1 2 3 5 6 7 8 9 10 11 12 13 | 13.3
Staves         | 1 2 3 5 6 7 8 9 10 11 12 13 | 13.3
Ranged Weapons | 1 2 3 5 6 7 8 9 10 11 12 13 | 13.3
Throwing       | 1 2 3 5 6 7 8 9 10 11 12 13 | 13.3
Armour         | 1 2 3 5 6 7 8 9 10 11 12 13 | 13.3
Shields        | 1 2 3 5 6 7 8 9 10 11 12 13 | 13.3
Unarmed Combat | 1 2 3 5 6 7 8 9 10 11 12 13 | 13.3
Evocations     | 1 2 3 5 6 7 8 9 10 11 12 13 | 13.3
Shapeshifting  | 1 2 3 4 5 6 7 8 9 10 11 12 | 12.2
Conjurations   | 1 2 3 4 5 6 7 8 9 10 11 | 11.3
Summonings     | 1 2 3 4 5 6 7 8 9 10 11 | 11.3
Necromancy     | 1 2 3 4 5 6 7 8 9 10 11 | 11.3
Translocations | 1 2 3 4 5 6 7 8 9 10 11 | 11.3
Fire Magic     | 1 2 3 4 5 6 7 8 9 10 11 | 11.3
Ice Magic      | 1 2 3 4 5 6 7 8 9 10 11 | 11.3
Air Magic      | 1 2 3 4 5 6 7 8 9 10 11 | 11.3
Earth Magic    | 1 2 3 4 5 6 7 8 9 10 11 | 11.3
Alchemy        | 1 2 3 4 5 6 7 8 9 10 11 | 11.3
Short Blades   | 3 4 5 6 7 8 9 10 11 12 13 | 13.5
Dodging        | 5 6 7 8 9 10 11 12 13 14 | 14.0
Hexes          | 6 7 8 9 10 11 12 | 12.5

Action                     |  1- 3 |  4- 6 |  7- 9 | 10-12 | 13-15 | 16-18 | 19-21 || total
---------------------------+-------+-------+-------+-------+-------+-------+-------++-------
  Melee: Dagger            |    62 |   117 |   160 |   461 |   695 |    60 |       ||  1555
         Bite              |     5 |     8 |    18 |    73 |   184 |   203 |    28 ||   519
         Punch             |     1 |       |     4 |    30 |   101 |   125 |    11 ||   272
         Great sword       |       |       |       |     3 |       |       |       ||     3
         Trident           |       |       |       |       |   164 |       |       ||   164
         Demon trident     |       |       |       |       |   275 |   255 |       ||   530
         Demon whip        |       |       |       |       |    47 |    34 |       ||    81
         Quick blade       |       |       |       |       |       |  1016 |   138 ||  1154
  Throw: Dart              |       |       |       |    20 |    66 |     3 |       ||    89
   Cast: Ensorcelled Hiber |     8 |    60 |    59 |   129 |   134 |   206 |       ||   596
         Tukima's Dance    |       |     1 |     3 |       |   106 |    11 |       ||   121
         Confusing Touch   |       |     2 |     7 |    45 |    32 |     7 |       ||    93
         Dazzling Flash    |       |       |     4 |    21 |    72 |   155 |     4 ||   256
         Metabolic Englaci |       |       |       |       |    20 |    17 |       ||    37
         Blink             |       |       |       |       |    12 |     5 |       ||    17
 Invoke: Line Pass         |       |       |       |     1 |     5 |       |       ||     6
         Grand Finale      |       |       |       |       |     1 |       |       ||     1
  Evoke: Wand              |       |       |       |    27 |    10 |     1 |       ||    38
    Use: Scroll            |       |       |       |     2 |    26 |    25 |       ||    53
         Potion            |       |       |       |       |     3 |     8 |     6 ||    17
   Stab: Sleeping          |    16 |    44 |    45 |    66 |   113 |   156 |       ||   440
         Distracted        |       |     1 |     1 |     1 |     5 |     5 |     2 ||    15
         Confused          |       |     2 |     5 |    44 |    34 |     7 |     1 ||    93
         Invisible         |       |       |     3 |    13 |    46 |   140 |     4 ||   206
         Paralysed         |       |       |     3 |    20 |    67 |    72 |     4 ||   166
         Held in net/web   |       |       |       |       |       |     4 |       ||     4
         Petrifying        |       |       |       |       |       |       |     1 ||     1
         Petrified         |       |       |       |       |       |       |     1 ||     1
 Armour: Robe              |    28 |    52 |    67 |    22 |    15 |    23 |    22 ||   229
         Steam dragon scal |       |       |       |   224 |   431 |   555 |    13 ||  1223
         Skin              |       |       |       |       |    11 |       |       ||    11
  Dodge: Dodged            |    27 |    96 |   105 |   402 |   774 |  1171 |    57 ||  2632
  Block: Buckler           |       |       |       |       |       |       |    10 ||    10
